 Dungeon Crawl Stone Soup version 0.24-a0-378-g94936e539c (webtiles) character file.

Game seed: 5152485457394439747

11159 HAL9000 the Slicer (level 11, -5/50 HPs)
             Began as a Vine Stalker Assassin on June 2, 2019.
             Was a Believer of Uskayaw.
             Slain by a black mamba (9 damage)
             ... on level 1 of the Lair of Beasts.
             The game lasted 00:26:44 (10782 turns).

HAL9000 the Slicer (Vine Stalker Assassin)         Turns: 10782, Time: 00:26:44

Health: -5/50      AC: 15    Str: 18    XL:     11   Next: 73%
Magic:  0/26       EV: 16    Int: 17    God:    Uskayaw [**....]
Gold:   568        SH:  6    Dex: 18    Spells: 10/10 levels left

rFire    . . .     SeeInvis .   F - +2 short sword (protect)
rCold    + . .     Gourm    .   w - +0 buckler
rNeg     . . .     Faith    .   z - +0 leather armour {rC+}
rPois    .         Spirit   +   e - +3 hat of Pondering {ponderous, MR+ MP+10 Int+5}
rElec    .         Reflect  .   c - +0 cloak
rCorr    .         Harm     .   (no gloves)
MR       ++...                  q - +0 pair of boots
Stlth    +++++.....             (no amulet)
HPRegen  0.56/turn              t - +4 ring of strength
MPRegen  0.20/turn              C - +5 ring of evasion

@: protection aura, slow
A: fangs 3, regeneration 1, magic shield, antimagic bite, no potion heal 3, rot
immunity
a: Stomp, Line Pass, Renounce Religion


You were on level 1 of the Lair of Beasts.
You worshipped Uskayaw.
Uskayaw was noncommittal.
You were not hungry.

You visited 3 branches of the dungeon, and saw 11 of its levels.

You collected 568 gold pieces.

Inventory:

Hand Weapons
 a - a +2 dagger of venom
 F - a +2 short sword of protection (weapon)
 M - a +0 quick blade
Missiles
 d - 30 poisoned darts (quivered)
 J - 6 javelins
Armour
 c - a +0 cloak (worn)
 e - the +3 hat of Pondering (worn) {ponderous, MR+ MP+10 Int+5}
   (You took it off Gastronok on level 9 of the Dungeon)

   It affects your intelligence (+5).
   It affects your resistance to hostile enchantments.
   It affects your magic capacity (+10).
 q - a +0 pair of boots (worn)
 w - a +0 buckler (worn)
 y - a scarf of cloud immunity
 z - a +0 leather armour of cold resistance (worn)
Jewellery
 p - an uncursed ring of magical power
 t - a +4 ring of strength (left hand)
 v - a +3 ring of intelligence
 C - a +5 ring of evasion (right hand)
Wands
 B - a wand of digging (4)
 E - a wand of polymorph (8)
Scrolls
 b - 2 scrolls of enchant armour {unknown}
 g - 2 scrolls of amnesia
 i - a scroll of fog {unknown}
 l - a scroll of magic mapping {unknown}
 m - 3 scrolls of teleportation
 o - a scroll of enchant weapon
 u - a scroll of blinking {unknown}
 A - 7 scrolls of remove curse
 G - a scroll of noise {unknown}
 I - a scroll of fear {unknown}
Potions
 h - 2 potions of lignification
 k - 5 potions of curing
 n - 2 potions of might
 r - 2 potions of flight
 s - 2 potions of mutation
 x - a potion of agility
 D - 4 potions of brilliance
 H - 2 potions of invisibility {unknown}
Comestibles
 f - 15 rations
 j - 2 chunks of flesh


   Skills:
 + Level 1.7 Fighting
 - Level 12.6 Short Blades
 - Level 1.7 Throwing
 - Level 0.7 Dodging
 - Level 12.0 Stealth
 - Level 4.5 Shields
 - Level 6.1 Invocations


You had 10 spell levels left.
You didn't know any spells.
Your spell library was empty.

Dungeon Overview and Level Annotations

Branches:
Dungeon (9/15)             Temple (1/1) D:4            Lair (1/6) D:8
    Orc: D:9-12

Altars:
Ashenzari
Cheibriados
Dithmenos
Elyvilon
Fedhas
Gozag
Hepliaklqana
Kikubaaqudgha
Makhleb
Nemelex Xobeh
Okawaru
Qazlal
Ru
Sif Muna
Trog
Uskayaw
Vehumet
Wu Jian
Xom
Yredelemnul
Zin
The Shining One

Shops:
D:3 *   D:9 *

Annotations:
D:3 2 transporters, Menkaure


Innate Abilities, Weirdness & Mutations

You have razor-sharp teeth.
Your natural rate of healing is unusually fast.
When hurt, damage is shared between your health and your magic reserves.
Your bite disrupts and absorbs the magic of your enemies.
Potions cannot restore your health.
You are immune to rotting.


Message History

You feel sick. You block the black mamba's attack.
A water moccasin comes into view.
You hit the black mamba.
The black mamba is almost dead.
* * * LOW HITPOINT WARNING * * *
You feel sick. The black mamba barely misses you.
Unknown command.
You hit the black mamba.
The black mamba is almost dead.
* * * LOW HITPOINT WARNING * * *
You feel sick. You block the black mamba's attack.
Unknown command.
You hit the black mamba but do no damage.
The black mamba is almost dead.
* * * LOW HITPOINT WARNING * * *
You feel sick. The black mamba barely misses you.
Unknown command.
Your system rejects the healing.
You feel better. You block the black mamba's attack. The black mamba bites you!
You die...

#.P###P#....##...## #..###
#.######....###...# #..###
#.#P##P†....##...####...##
#...........###.........#.
#...........# #...........
#...........# #..........#
#...........###..####....8
######.##........# #.#...
###P@.......# ##....
.......S.......# F....
...!.....##P.... .....
.........###.... ...#..
....!..S.# .. ..###....# .
## ##...# .....


You could see a black mamba and a water moccasin.

Vanquished Creatures
  Gastronok (D:9)
  2 two-headed ogres (D:8)
  Joseph (D:7)
  A black mamba (Lair:1)
  A spiny frog (Lair:1)
  2 komodo dragons (Lair:1)
  A merfolk (D:9)
  2 hippogriffs
  A wyvern (Lair:1)
  9 yaks
  A hungry ghost (D:9)
  4 water moccasins
  4 orc warriors
  2 porcupines (Lair:1)
  4 phantoms
  A sky beast (D:9)
  An ice beast (D:6)
  3 ogres
  4 crocodiles
  2 big kobolds
  7 bullfrogs
  3 scorpions
  4 killer bees (D:9)
  4 wights (D:9)
  2 howler monkeys (D:7)
  A centaur zombie (D:9)
  4 crimson imps
  2 hounds
  A quasit (D:6)
  2 bullfrog zombies
  3 bullfrog skeletons
  3 orc priests
  3 centaur skeletons
  2 jellies
  8 orc wizards
  5 iguanas
  4 worker ants
  A killer bee zombie (D:8)
  2 hound zombies
  A hound skeleton (D:9)
  A worker ant zombie (D:9)
  A gnoll (D:2)
  14 adders
  8 river rats (D:6)
  3 shadow imps
  A white imp (D:6)
  2 oozes
  An adder zombie (D:3)
  An adder skeleton (D:8)
  8 worms
  2 dart slugs (D:2)
  3 leopard geckos
  21 orcs
  3 ball pythons
  4 giant cockroaches
  6 goblins
  7 hobgoblins
  11 quokkas
  12 bats
  7 frilled lizards
  A giant cockroach zombie (D:5)
  A jackal zombie (D:7)
  13 kobolds
  A quokka skeleton (D:4)
  23 rats
264 creatures vanquished.

Vanquished Creatures (others)
  2 fungi (Lair:1)
  2 plants (Lair:1)
4 creatures vanquished.

Grand Total: 268 creatures vanquished

Notes
Turn   | Place    | Note
-------+----------+-------------------------------------------
     0 | D:1      | HAL9000 the Vine Stalker Assassin began the quest for the
                  | Orb.
     0 | D:1      | Reached XP level 1. HP: 11/11 MP: 2/2
   255 | D:1      | Reached XP level 2. HP: 8/15 MP: 1/3
  1043 | D:2      | Reached XP level 3. HP: 10/18 MP: 2/4
  1923 | D:2      | Gained mutation: Your natural rate of healing is unusually
                  | fast. [Vine Stalker growth]
  1923 | D:2      | Reached XP level 4. HP: 14/23 MP: 2/5
  2071 | D:2      | Found a snail-covered altar of Cheibriados.
  2543 | D:3      | Reached XP level 5. HP: 20/26 MP: 6/6
  2703 | D:3      | Found an ancient bone altar of Kikubaaqudgha.
  2705 | D:3      | Noticed Menkaure
  2707 | D:3      | Found a transporter.
  2709 | D:3      | Found a transporter.
  2747 | D:3      | Found a basalt altar of Yredelemnul.
  2839 | D:3      | Reached skill level 5 in Short Blades
  2998 | D:3      | Found Zin's Purification Station.
  3000 | D:3      | Found a glowing silver altar of Zin.
  3324 | D:4      | Reached XP level 6. HP: 30/30 MP: 7/7
  3496 | D:4      | Found a staircase to the Ecumenical Temple.
  3505 | Temple   | Entered the Ecumenical Temple
  3696 | Temple   | Became a worshipper of Uskayaw the Reveler
  3737 | D:4      | Reached skill level 1 in Shields
  3737 | D:4      | Reached * piety under Uskayaw
  3782 | D:4      | Reached ** piety under Uskayaw
  3861 | D:4      | Found an iron altar of Okawaru.
  4017 | D:4      | Found a glowing golden altar of the Shining One.
  4184 | D:4      | Reached *** piety under Uskayaw
  4465 | D:5      | Entered Level 5 of the Dungeon
  4531 | D:5      | Found a burning altar of Makhleb.
  4602 | D:5      | Noticed a phantom
  4635 | D:5      | Killed a phantom
  4635 | D:5      | Reached XP level 7. HP: 33/34 MP: 8/8
  5103 | D:5      | Found a sparkling altar of Nemelex Xobeh.
  5606 | D:6      | Gained mutation: You have razor-sharp teeth. [Vine Stalker
                  | growth]
  5606 | D:6      | Reached XP level 8. HP: 38/38 MP: 9/9
  6211 | D:6      | Reached **** piety under Uskayaw
  6224 | D:6      | Reached ***** piety under Uskayaw
  6233 | D:6      | Reached ****** piety under Uskayaw
  6534 | D:7      | Found a stormy altar of Qazlal.
  7022 | D:7      | Reached XP level 9. HP: 42/42 MP: 10/10
  7251 | D:7      | Noticed Joseph
  7270 | D:7      | Killed Joseph
  7270 | D:7      | Reached skill level 10 in Short Blades
  7699 | D:8      | Noticed a two-headed ogre
  7718 | D:8      | Killed a two-headed ogre
  7718 | D:8      | Reached XP level 10. HP: 22/46 MP: 11/11
  7816 | D:8      | Found a blossoming altar of Fedhas.
  7816 | D:8      | Found a shattered altar of Ashenzari.
  7956 | D:8      | Noticed a two-headed ogre
  7959 | D:8      | Killed a two-headed ogre
  8241 | D:8      | Found a staircase to the Lair.
  8244 | D:8      | Reached skill level 5 in Stealth
  8301 | D:8      | Reached skill level 1 in Invocations
  8947 | D:9      | Noticed Gastronok
  8979 | D:9      | Killed Gastronok
  8979 | D:9      | Reached XP level 11. HP: 18/50 MP: 13/15
  9421 | D:9      | Found Xysixkamp's General Store.
  9547 | Lair:1   | Entered Level 1 of the Lair of Beasts
  9550 | Lair:1   | Reached skill level 5 in Invocations
  9560 | D:8      | Reached skill level 10 in Stealth
  9739 | Lair:1   | HP: 2/50 [poisoned by a black mamba]
  9953 | Lair:1   | Noticed an eight-headed hydra
  9959 | Lair:1   | Noticed an eight-headed hydra
 10656 | Lair:1   | Noticed an eight-headed hydra
 10782 | Lair:1   | Slain by a black mamba

Levels and vault maps discovered:
D:1:      dpeg_arrival_arbitrary_a, layout_basic, serial_bayou,
          serial_bayou_lake_a, serial_bayou_pond_e, serial_bayou_pond_e,
          serial_bayou_pond_d, serial_bayou_pond_c, chequers_avenue,
          dk_noncrumbling_2, grunt_decor_one_mirror
D:2:      kennysheep_big_flooded_room, layout_rooms, kennysheep_slug_shrine
D:3:      layout_basic, gammafunk_temple_of_torment, zin_purify, minmay_cut_off
D:4:      layout_basic, okawaru_trees_2, tso_metal_star,
          minmay_temple_entry_gardened_gates
D:5:      layout_basic, kennysheep_mini_moat, lemuel_crystal_altar, first_ration
D:6:      lemuel_ratsnest, layout_cave_pools, minmay_fire_ice_demons
D:7:      layout_gridville, nicolae_overflow_crystal_walls, uniq_joseph
D:8:      layout_basic, chequers_temple_overflow_statue_of_worship,
          grunt_lair_entry_orc_guard_hut
D:9:      layout_irregular_city, serial_shops, shop, hangedman_fish_farm,
          uniq_gastronok
Temple:   minmay_temple_curvy_loop
Lair:1:   layout_small_grid, nzn_random_ring, grunt_megastairs_5

Skill      XL: |  1  2  3  4  5  6  7  8  9 10 11 |
---------------+----------------------------------+-----
Short Blades   | 2 3 4 5 6 7 9 11 12 | 12.6
Shields        | 1 2 4 |  4.5
Stealth        | 9 12 | 12.0
Invocations    | 4 6 |  6.1
Fighting       | |  1.7
Throwing       | |  1.7
Dodging        | |  0.7

Action                   |  1- 3 |  4- 6 |  7- 9 | 10-12 || total
-------------------------+-------+-------+-------+-------++-------
Melee: Dagger            |   127 |   238 |   384 |       ||   749
       Bite              |    32 |    80 |   158 |   143 ||   413
       Short sword       |       |       |    18 |   359 ||   377
Throw: Dart              |       |     3 |     8 |     3 ||    14
       Javelin           |       |       |       |     6 ||     6
       Throwing net      |       |       |       |     1 ||     1
  Use: Scroll            |       |     6 |     4 |     5 ||    15
       Potion            |       |       |       |     2 ||     2
 Stab: Sleeping          |     8 |    10 |    13 |    14 ||    45
       Distracted        |     1 |       |       |       ||     1
       Paralysed         |       |     1 |     5 |    14 ||    20
  Eat: Chunk             |     3 |     8 |    10 |    12 ||    33
Armor: Robe              |    33 |     4 |       |       ||    37
       Leather armour    |       |    35 |    51 |    55 ||   141
Dodge: Dodged            |    60 |   104 |   171 |   138 ||   473
Block: Buckler           |       |    15 |    71 |    57 ||   143

Table legend:
 A = Non-vault XP
 B = Vault XP
 C = Vault XP percentage of total XP
 D = Non-vault monster count
 E = Vault monster count
 F = Vault count percentage of total count
                 A         B        C        D         E       F
            +---------+---------+-------+---------+---------+-------
      Total |   10756 |    5186 |  32.5 |     212 |      52 |  19.7
            +---------+---------+-------+---------+---------+-------
        D:1 |      26 |       0 |   0.0 |      19 |       0 |   0.0
        D:2 |      95 |      24 |  20.2 |      33 |       3 |   8.3
        D:3 |     157 |       1 |   0.6 |      30 |       1 |   3.2
        D:4 |     196 |       0 |   0.0 |      11 |       0 |   0.0
        D:5 |     562 |       0 |   0.0 |      13 |       0 |   0.0
        D:6 |     683 |     234 |  25.5 |      14 |      33 |  70.2
        D:7 |    1056 |     445 |  29.6 |      30 |       1 |   3.2
        D:8 |    3097 |     620 |  16.7 |      21 |       5 |  19.2
        D:9 |    1700 |    2530 |  59.8 |      25 |       2 |   7.4
     Lair:1 |    3184 |    1332 |  29.5 |      16 |       7 |  30.4
            +---------+---------+-------+---------+---------+-------
